 Dungeon Crawl Stone Soup version 0.31-a0-200-gbc41564c69 (webtiles) character file.

Game seed: 11483974974774304015

97 qw the Shooter (level 4, -2/24 (25) HPs)
             Began as a Deep Elf Hunter on June 25, 2023.
             Killed from afar by Ijyb (16 damage)
             ... with a bolt of dispelling energy
             ... on level 3 of the Dungeon.
             The game lasted 00:00:52 (2425 turns).

qw the Shooter (Deep Elf Hunter)                    Turns: 2425, Time: 00:00:53

HP:   -2/24 (25)    AC:  7    Str: 10    XL:     4   Next: 42%
MP:   6/6           EV: 11    Int: 14    God:
Gold: 101           SH:  0    Dex: 18    Spells: 3/3 levels left

rFire   . . .        Y - +1 shortbow (flame)
rCold   . . .        (shield currently unavailable)
rNeg    . . .        f - +0 ring mail
rPois   .            e - +0 helmet
rElec   .            (no cloak)
rCorr   .            m - +0 pair of gloves
SInv    +            (no boots)
Will    .....        (no amulet)
Stlth   +            h - ring of see invisible
HPRegen 0.24/turn    (no ring)
MPRegen 0.10/turn

%: no passive effects
@: lightly drained
A: no striking features
a: no special abilities


You were on level 3 of the Dungeon.
You visited 1 branch of the dungeon, and saw 3 of its levels.

You collected 101 gold pieces.


   Skills:
 - Level 1.5 Fighting
 + Level 7.8 Ranged Weapons
 - Level 2.4 Dodging
 - Level 1.2 Stealth


You had 3 spell levels left.
You didn't know any spells.
Your spell library was empty.

Inventory:

Hand Weapons
 Y - a +1 shortbow of flaming (weapon)
Armour
 e - a +0 helmet (worn)
 f - a +0 ring mail (worn)
 m - a +0 pair of gloves (worn)
Jewellery
 a - a ring of see invisible
 h - a ring of see invisible (left hand)
 k - a ring of ice
Scrolls
 i - a scroll of identify
Potions
 j - a potion of enlightenment
 l - a potion of curing {unknown}

Dungeon Overview and Level Annotations

Branches:
Dungeon (3/15)

Altars:
Dithmenos
Hepliaklqana

Shops:
D:3 =

Annotations:
D:2 1 runed translucent door, Crazy Yiuf
D:3 1 runed translucent door, Ijyb; qw's ghost, amateur DEHu


Message History

Enter note:
Enter note:
Enter note:
Enter note:
Enter note:
2401 ||| STILL FLEEEEING.
2402 ||| FLEEEEING.
2403 ||| STILL FLEEEEING.
2404 ||| STILL FLEEEEING.
2405 ||| STILL FLEEEEING.
2406 ||| STILL FLEEEEING.
2407 ||| STILL FLEEEEING.
2408 ||| STILL FLEEEEING.
2409 ||| STILL FLEEEEING.
2410 ||| FLEEEEING.
2411 ||| FLEEEEING.
2412 ||| STILL FLEEEEING.
2413 ||| STILL FLEEEEING.
2414 ||| STILL FLEEEEING.
2415 ||| STILL FLEEEEING.
Enter note:
Enter note:
Enter note:
Enter note:
Enter note:
Enter note:
2416 ||| STILL FLEEEEING.
2417 ||| STILL FLEEEEING.
2418 ||| STILL FLEEEEING.
2419 ||| STILL FLEEEEING.
2420 ||| STILL FLEEEEING.
There is an entrance to Xost's Jewellery Shop here.
You start resting.
Ijyb is nearby!
You shoot an arrow. The arrow barely misses Ijyb.
You shoot an arrow. The arrow closely misses Ijyb.
You shoot an arrow. The arrow hits Ijyb but does no damage.
Ijyb zaps a wand.
The bolt of dispelling energy hits you!
Ouch! That really hurt!
You die...

......##OW.# #.#.....# #......#
......###+## #.#.###.#####.####.#
#######....###...............##.#
#....##..............#.##.#
#######...###.##.###.#####.#.##..
........### #%##.# #.# #.#.####
...###### #.##.# #.# #.#.# ...#
#.##.# #.# #.#.# ...# #.##@# #.#
#.#.#### ..## #.##.# #.. ..#.<...
.## #.##g# ###### )# #######.##.#
### .# ...........# #.. .#
#######.#### #.# .# #...# #.# .##
####.#.# #.# ..## #...##+# #.#


You could see Ijyb.

Vanquished Creatures
  Jessica (D:2)
  An adder (D:2)
  A worm (D:2)
  2 dart slugs (D:2)
  6 ball pythons
  6 bats
  4 endoplasms
  2 giant cockroaches
  5 goblins
  6 hobgoblins
  5 jackals
  A quokka (D:2)
  3 frilled lizards
  4 kobolds
  4 rats
51 creatures vanquished.

Notes
Turn   | Place    | Note
-------+----------+-------------------------------------------
     0 | D:1      | qw the Deep Elf Hunter began the quest for the Orb.
     0 | D:1      | Reached XP level 1. HP: 12/12 MP: 3/3
     0 | D:1      | 0 ||| qw: Version: 0.3-a-22-g0ed2b0b
     0 | D:1      | 0 ||| qw: Game counter: 5653
     0 | D:1      | 0 ||| qw: Melee chars always use a shield: true
     0 | D:1      | 0 ||| qw: God list: Okawaru
     0 | D:1      | 0 ||| qw: Allow faded altars: false
     0 | D:1      | 0 ||| qw: Do Orc after clearing Dungeon:15 true
     0 | D:1      | 0 ||| qw: Do second Lair branch before Depths: true
     0 | D:1      | 0 ||| qw: Lair rune preference: random
     0 | D:1      | 0 ||| qw: Goals: Normal
     0 | D:1      | 0 ||| PLANNING D:1-11
    27 | D:1      | HP: 3/12 [jackal (1)]
   112 | D:1      | Reached XP level 2. HP: 16/16 MP: 4/4
   115 | D:1      | Reached skill level 6 in Ranged Weapons
   380 | D:1      | Found a faded altar of an unknown god.
   884 | D:1      | 884 ||| DROPPING scarf of invisibility.
   885 | D:1      | 885 ||| UPGRADING to +0 helmet.
   890 | D:1      | 890 ||| UPGRADING to +0 ring mail.
   900 | D:1      | 900 ||| DROPPING +0 leather armour.
   901 | D:1      | 901 ||| UPGRADING to ring of see invisible.
   902 | D:1      | 902 ||| READING 2 scrolls labelled NEBESU ZUEM.
   903 | D:1      | 903 ||| READING scroll labelled FEOXIX BOPSE.
   904 | D:1      | 904 ||| READING scroll labelled XENAYRHOUNAR.
   905 | D:1      | 905 ||| DROPPING scroll of noise.
   906 | D:1      | 906 ||| DROPPING scroll of butterflies.
  1073 | D:2      | Found a hazy altar of Hepliaklqana.
  1084 | D:2      | Reached XP level 3. HP: 20/20 MP: 5/5
  1318 | D:2      | Reached skill level 7 in Ranged Weapons
  1322 | D:2      | Noticed Jessica
  1323 | D:2      | Killed Jessica
  1324 | D:2      | Reached XP level 4. HP: 25/25 MP: 6/6
  1519 | D:2      | Found a runed translucent door.
  1520 | D:2      | Noticed Crazy Yiuf
  1869 | D:2      | 1869 ||| UPGRADING to +0 pair of gloves.
  1874 | D:2      | 1874 ||| READING scroll labelled NUNOKA QANOSE.
  1875 | D:2      | 1875 ||| READING scroll labelled SIABBIOMMA.
  1876 | D:2      | 1876 ||| READING scroll labelled IXTIUMIA EKAOS.
  1877 | D:2      | 1877 ||| READING scroll labelled OLO BAUMEPUI.
  1878 | D:2      | 1878 ||| DRINKING 2 fuming grey potions.
  1879 | D:2      | 1879 ||| READING 2 scrolls of identify.
  1879 | D:2      | 1879 ||| IDENTIFYING smoky emerald potion
  1880 | D:2      | 1880 ||| DROPPING potion of lignification.
  2054 | D:3      | Found Xost's Jewellery Shop.
  2077 | D:3      | 2077 ||| SHOPLISTING +6 ring of dexterity (432 gold, have
                  | 87).
  2077 | D:3      | 2077 ||| SHOPLISTING +6 ring of strength (432 gold, have
                  | 87).
  2077 | D:3      | 2077 ||| SHOPLISTING amulet of regeneration (360 gold, have
                  | 87).
  2106 | D:3      | 2106 ||| READING scroll of brand weapon.
  2106 | D:3      | 2106 ||| BRANDING +1 shortbow of chaos.
  2120 | D:3      | 2120 ||| READING scroll of brand weapon.
  2120 | D:3      | 2120 ||| BRANDING +1 shortbow of draining.
  2192 | D:3      | Found a shadowy altar of Dithmenos.
  2219 | D:3      | Found a runed translucent door.
  2219 | D:3      | Noticed an ogre
  2219 | D:3      | Noticed qw's ghost (amateur DEHu)
  2322 | D:3      | Noticed Ijyb
  2324 | D:3      | 2324 ||| FLEEEEING.
  2325 | D:3      | 2325 ||| FLEEEEING.
  2327 | D:3      | 2327 ||| FLEEEEING.
  2328 | D:3      | 2328 ||| FLEEEEING.
  2329 | D:3      | 2329 ||| FLEEEEING.
  2330 | D:3      | 2330 ||| FLEEEEING.
  2331 | D:3      | 2331 ||| FLEEEEING.
  2335 | D:3      | 2335 ||| STAIRDANCE
  2393 | D:2      | 2393 ||| READING 2 scrolls of identify.
  2393 | D:2      | 2393 ||| IDENTIFYING lumpy cyan potion
  2394 | D:2      | 2394 ||| DROPPING potion of attraction.
  2400 | D:3      | 2400 ||| FLEEEEING.
  2402 | D:3      | 2402 ||| FLEEEEING.
  2410 | D:3      | 2410 ||| FLEEEEING.
  2411 | D:3      | 2411 ||| FLEEEEING.
  2425 | D:3      | Killed from afar by Ijyb

Levels and vault maps discovered:
D:1:      minmay_arrival_shattered_statue, layout_loops_corners,
          shapermc_ecumenical_altar_mp_highgroup
D:2:      minmay_evil_eye, layout_basic, basic_altar, uniq_jessica,
          uniq_crazy_yiuf_cottage
D:3:      layout_loops_ring, grunt_dithmenos_smoke, ebering_ghost_inner_flame,
          serial_shops, shop, kennysheep_small_spiral,
          corexii_item_surrounded_by_moat, minmay_starry_boxes, uniq_ijyb

Skill      XL: |  1  2  3 |
---------------+----------+-----
Ranged Weapons | 6 7 |  7.8
Fighting       | |  1.5
Dodging        | |  2.4
Stealth        | |  1.2

Action                     |  1- 3 |  4- 6 || total
---------------------------+-------+-------++-------
   Fire: Shortbow          |    92 |    38 ||   130
    Use: Scroll            |     3 |     8 ||    11
         Potion            |       |     1 ||     1
 Armour: Leather armour    |     8 |       ||     8
         Ring mail         |     1 |     4 ||     5
  Dodge: Dodged            |    23 |     4 ||    27

Table legend:
 A = Non-vault XP
 B = Vault XP
 C = Vault XP percentage of total XP
 D = Non-vault monster count
 E = Vault monster count
 F = Vault count percentage of total count
                 A         B        C        D         E       F
            +---------+---------+-------+---------+---------+-------
      Total |      92 |      47 |  33.8 |      46 |       5 |   9.8
            +---------+---------+-------+---------+---------+-------
        D:1 |      30 |       0 |   0.0 |      17 |       0 |   0.0
        D:2 |      48 |      47 |  49.5 |      20 |       5 |  20.0
        D:3 |      14 |       0 |   0.0 |       9 |       0 |   0.0
            +---------+---------+-------+---------+---------+-------
